AoeStats
← Stanko2026

Arena

508722506Analyzed
1v1 RM · 8d ago on Sep 23, 2026· 63m 19s· 2 players
Game mode
Random Map
Map size
Tiny (2 player)
Population
200
Speed
Normal
Resources
Standard
Victory
Conquest
Starting age
Dark Age
Ending age
Imperial Age
RankedLock teamsTeams togetherTeam positionsShared explorationLock speedFull tech treeHidden civsTurbo modeCheats
Victory
Defeat
🇩🇪 Teutons · Germany
766
+15
🇸🇪 Varangians · Sweden
753
-15
Perkele303
1:12 Loom
10:12 Feudal Age
10:55 Double-Bit Axe
12:24 Wheelbarrow
17:19 Castle Age
33:31 Hand Cart
43:44 Imperial Age
43:20 Squires
44:32 Capped Ram
51:59 Cavalier
53:32 Light Cavalry
54:32 Bloodlines
54:50 Pikeman
56:04 Elite Varangian Guard
60:10 Forging
60:00 Scale Mail Armor
Stanko2026
0:27 Loom
15:30 Feudal Age
15:58 Horse Collar
16:05 Double-Bit Axe
16:12 Gold Mining
16:12 Stone Mining
16:19 Arson
21:08 Castle Age
19:36 Scale Mail Armor
20:53 Padded Archer Armor
20:43 Fletching
21:04 Forging
22:09 Heavy Plow
22:52 Elite Skirmisher
22:54 Pikeman
23:35 Squires
29:51 Ballistics
37:19 Imperial Age
36:55 Bow Saw
39:22 Chemistry
47:51 Hoardings
49:53 Conscription
50:23 Halberdier
51:51 Chain Mail Armor
58:51 Ironclad
Connection lost

Rejoining the realm…

Still unreachable

The connection could not be restored.

Session expired

The server has moved on; the page needs a fresh start.